Map: Jagannatha LE

Players

Kas - Winner!

  • Race: Terran Terran
  • Spawn Location: 7:00

Lambo

  • Race: Zerg Zerg
  • League: Master
  • Spawn Location: 1:00

Event: DreamHack SC2 Masters 2020 Winter

VOD

Have the link to the VOD?

Description

Time

  • Played on: Oct. 21, 2020, 2:24 p.m.
  • Length: 17:08

All games in this series

Show
View Real Time Build Order
Export as new Build Order

Kas Terran - Winner!

Build Orders: Reaper Expand, Mech 

Get SALT Encoding   

  12  0:00  SCV  
  13  0:12  SCV  
  14  0:17  Supply Depot  
  14  0:24  SCV  
  15  0:38  SCV  
  15  0:40  Barracks  
  16  0:44  Refinery  
  16  0:50  SCV  
  17  1:03  SCV  
  18  1:15  SCV  
  19  1:27  Orbital Command, Reaper  
  20  1:39  Command Center  
  20  1:52  Supply Depot  
  20  1:53  SCV  
  21  1:59  Marine  
  22  2:05  SCV  
  23  2:16  Factory  
  23  2:17  SCV  
  23  2:22  Barracks Reactor  
  24  2:30  SCV  
  25  2:43  SCV  
  26  2:44  Command Center  
  26  2:51  Orbital Command  
  26  2:56  SCV  
  26  2:58  Refinery  
  27  3:03  Starport  
  27  3:10  SCV  
  28  3:14  Hellion  
  28  3:15  Hellion  
  28  3:18  SCV  
  33  3:22  SCV  
  34  3:32  SCV  
  35  3:37  Hellion x2  
  39  3:43  Fusion Core  
  39  3:45  SCV  
  39  3:47  SCV  
  41  3:49  Starport Tech Lab  
  41  3:57  SCV  
  41  3:59  Orbital Command  
  41  4:00  SCV  
  43  4:04  Hellion x2  
  43  4:09  SCV  
  48  4:12  SCV  
  51  4:21  SCV  
  52  4:24  SCV  
  52  4:26  SCV  
  52  4:27  Supply Depot  
  52  4:28  Supply Depot  
  52  4:33  SCV  
  52  4:36  SCV  
  52  4:37  Hellion x2  
  58  4:39  SCV  
  58  4:44  Refinery  
  59  4:46  SCV, Refinery  
  59  4:48  SCV  
  59  4:49  Battlecruiser  
  59  4:52  SCV  
  68  4:55  Supply Depot x2  
  68  4:58  Hellion  
  72  5:00  SCV, Hellion  
  72  5:01  SCV  
  72  5:04  SCV  
  75  5:10  Armory  
  75  5:15  SCV x2  
  75  5:19  Orbital Command  
  75  5:21  Supply Depot  
  77  5:24  Supply Depot  
  77  5:27  SCV  
  82  5:30  Factory  
  82  5:31  Refinery  
  82  5:33  Factory, SCV  
  82  5:34  Refinery  
  79  5:37  Hellion x2  
  79  5:40  SCV  
  84  5:45  SCV x2  
  86  5:52  SCV  
  88  5:57  SCV x2  
  88  5:58  Battlecruiser  
  88  6:02  Hellion  
  88  6:04  SCV  
  98  6:09  SCV  
  99  6:13  SCV  
  99  6:15  Factory Tech Lab  
  99  6:16  SCV, Factory Tech Lab  
  99  6:17  Terran Vehicle Weapons Level 1  
  101  6:18  Supply Depot  
  97  6:34  Siege Tank, Hellion x2  
  100  6:40  SCV  
  95  6:50  Command Center  
  95  6:51  Siege Tank  
  90  6:54  SCV x2  
  90  6:56  SCV  
  92  7:02  Barracks Reactor, Engineering Bay  
  92  7:06  Factory x2, SCV x2, Siege Tank  
  92  7:07  Battlecruiser  
  103  7:09  Hellion  
  103  7:11  Widow Mine  
  103  7:13  SCV  
  108  7:18  SCV  
  108  7:21  SCV  
  110  7:23  Siege Tank  
  110  7:26  SCV  
  110  7:28  Supply Depot  
  114  7:30  Hellion  
  114  7:31  Supply Depot  
  114  7:33  Missile Turret  
  114  7:35  Missile Turret  
  116  7:39  SCV  
  116  7:41  Missile Turret  
  117  7:47  Weapon Refit  
  117  7:50  Siege Tank, SCV x2, Hellion  
  117  7:51  SCV  
  125  7:52  Supply Depot  
  125  7:53  Factory Tech Lab  
  125  7:57  Infernal Pre-Igniter, Siege Tank  
  125  7:58  Mag-Field Accelerator  
  128  8:02  SCV x2  
  128  8:03  SCV  
  131  8:08  Hellion x2  
  131  8:09  Hellion  
  131  8:12  Refinery, Hellion  
  139  8:13  Siege Tank  
  139  8:14  SCV x2  
  139  8:15  SCV  
  139  8:18  Missile Turret x2  
  139  8:19  Missile Turret, Refinery  
  144  8:24  Missile Turret, Cyclone  
  144  8:29  Cyclone  
  144  8:30  Hellion  
  144  8:33  Hellion  
  145  8:36  Missile Turret  
  145  8:40  Battlecruiser  
  146  8:43  Planetary Fortress  
  146  8:45  SCV  
  146  8:46  SCV  
  146  8:48  SCV  
  145  8:58  Cyclone x2, SCV  
  152  9:06  Supply Depot  
  152  9:09  SCV  
  153  9:10  Supply Depot  
  153  9:11  Supply Depot  
  153  9:13  Hellion  
  155  9:17  Terran Vehicle Weapons Level 2  
  155  9:20  SCV  
  155  9:21  Missile Turret  
  155  9:23  SCV  
  156  9:25  Hellion  
  156  9:26  Thor  
  156  9:27  Hellion  
  157  9:39  Thor  
  157  9:41  Thor  
  164  9:49  SCV x2, Hellion x2  
  164  9:54  Supply Depot  
  164  9:55  Supply Depot  
  164  9:56  SCV  
  165  10:00  SCV  
  165  10:01  SCV  
  165  10:03  SCV  
  165  10:04  Hellion x2  
  172  10:12  Command Center  
  172  10:14  Supply Depot  
  172  10:16  SCV x2, Hellion x2  
  174  10:36  Thor x2  
  186  10:43  Command Center  
  186  10:49  SCV  
  187  10:51  SCV x2  
  187  10:53  Battlecruiser  
  195  11:00  SCV  
  196  11:06  Sensor Tower  
  196  11:24  SCV x4, Siege Tank  
  200  11:26  Hellion  
  195  11:35  Siege Tank  
  196  11:42  Factory  
  196  11:43  Factory  
  196  11:46  Factory  
  192  11:53  Siege Tank  
  192  11:54  Hellion x2  
  187  11:56  Siege Tank  
  187  11:58  Hellion  
  187  12:00  Command Center, Orbital Command  
  192  12:03  Command Center  
  192  12:07  Siege Tank  
  185  12:11  Terran Vehicle And Ship Armor Level 1  
  171  12:16  Armory  
  162  12:28  Planetary Fortress  
  162  12:35  Siege Tank x2  
  162  12:36  Hellion x2  
  162  12:37  Hellion x2  
  163  12:41  Siege Tank  
  163  12:43  Factory Tech Lab x2, Factory Reactor  
  166  12:48  Refinery  
  166  12:49  Refinery  
  163  12:58  Hellion x2  
  163  12:59  Battlecruiser  
  163  13:01  SCV x3  
  166  13:06  Missile Turret  
  166  13:07  Siege Tank  
  166  13:08  Siege Tank  
  166  13:09  Missile Turret  
  172  13:13  Missile Turret, Siege Tank  
  175  13:21  Orbital Command x2  
  175  13:29  Cyclone x2  
  181  13:43  Cyclone x2  
  187  13:53  Terran Vehicle Weapons Level 3  
  187  13:59  Command Center  
  187  14:00  Hellion x2  
  191  14:06  Cyclone x2  
  191  14:09  Terran Vehicle And Ship Armor Level 2  
  197  14:16  Cyclone  
  185  14:24  Cyclone x2  
  185  14:25  Hellion  
  185  14:26  Hellion x3  
  190  14:38  Cyclone  
  190  14:39  Cyclone  
  196  14:48  Cyclone  
  193  14:56  Cyclone  
  176  15:17  Cyclone x2  
  176  15:18  Cyclone  
  174  15:23  Cyclone  
  174  15:24  Hellion x4  
  182  15:28  Cyclone  
  182  15:29  Hellion x2  
  182  15:32  Command Center  
  186  15:40  Starport x2  
  177  15:45  Hellion x3  
  177  15:46  Hellion  
  177  15:49  Cyclone  
  173  15:50  Cyclone, Siege Tank  
  173  15:51  Battlecruiser  
  173  15:55  Siege Tank  
  170  16:06  Siege Tank  
  173  16:15  Planetary Fortress  
  173  16:17  Refinery  
  173  16:19  Refinery  
  173  16:20  Missile Turret  
  173  16:21  Missile Turret, Siege Tank  
  173  16:24  Siege Tank x2  
  182  16:28  Siege Tank, Hellion x2  
  182  16:29  Hellion  
Show
View Real Time Build Order
Export as new Build Order

Lambo Zerg 

Build Orders: Hatch First 

Get SALT Encoding   

  12  0:00  Drone  
  13  0:12  Overlord  
  13  0:16  Drone  
  14  0:30  Drone x2  
  16  0:48  Hatchery  
  15  0:51  Drone  
  15  0:55  Drone  
  17  0:59  Drone  
  18  1:13  Spawning Pool  
  18  1:17  Extractor  
  18  1:18  Drone  
  17  1:21  Drone  
  18  1:29  Drone  
  19  1:38  Drone  
  20  1:51  Overlord  
  20  2:00  Queen x2, Zergling x2  
  26  2:01  Zergling x2  
  26  2:11  Drone x2  
  28  2:21  Drone x2, Metabolic Boost  
  30  2:32  Drone  
  31  2:41  Hatchery  
  30  2:48  Drone  
  30  2:51  Drone  
  32  2:52  Drone  
  32  2:57  Overlord  
  33  3:00  Pneumatized Carapace  
  33  3:03  Drone  
  34  3:07  Drone x2  
  36  3:15  Overlord  
  36  3:17  Drone x2  
  38  3:21  Queen  
  38  3:24  Drone  
  38  3:26  Drone  
  42  3:31  Drone  
  42  3:33  Drone  
  44  3:37  Overlord  
  44  3:42  Queen  
  46  3:50  Drone x3  
  46  3:52  Zergling x2  
  46  3:53  Queen, Zergling x2  
  53  4:00  Zergling x2  
  53  4:01  Queen  
  53  4:02  Drone  
  57  4:03  Overlord  
  57  4:11  Drone x2  
  57  4:14  Drone x2  
  57  4:15  Drone  
  57  4:16  Drone  
  63  4:20  Drone x2  
  63  4:23  Lair  
  65  4:26  Drone, Roach Warren  
  65  4:30  Overlord  
  65  4:32  Drone  
  65  4:34  Extractor  
  65  4:35  Drone x3, Extractor  
  67  4:39  Drone x2  
  67  4:42  Queen  
  67  4:45  Overlord  
  71  4:47  Drone  
  71  4:48  Drone  
  71  4:52  Overlord  
  73  4:56  Drone x3  
  73  4:57  Drone  
  77  5:00  Zergling x2  
  77  5:01  Zergling x2  
  77  5:02  Zergling x2  
  77  5:03  Drone  
  81  5:08  Drone, Spore Crawler  
  81  5:10  Spore Crawler, Extractor  
  74  5:15  Drone x7  
  74  5:18  Drone  
  82  5:21  Spore Crawler  
  82  5:24  Roach x2  
  82  5:27  Roach  
  87  5:31  Extractor  
  87  5:32  Extractor  
  87  5:33  Spire, Roach  
  87  5:34  Drone  
  87  5:39  Queen  
  87  5:40  Drone  
  87  5:41  Drone  
  87  5:42  Drone  
  92  5:43  Drone  
  92  5:46  Drone x2  
  92  5:47  Roach  
  92  5:49  Drone  
  98  6:09  Drone x2  
  98  6:13  Overlord  
  96  6:25  Roach x2  
  96  6:26  Roach  
  96  6:27  Roach, Overlord  
  96  6:29  Overlord  
  96  6:30  Overlord  
  93  6:33  Roach x6, Zergling x2  
  100  6:43  Drone x2  
  93  6:47  Drone x4  
  92  6:58  Drone x2  
  92  7:00  Drone, Evolution Chamber  
  94  7:04  Drone  
  95  7:15  Glial Reconstitution  
  95  7:16  Mutalisk x3  
  95  7:19  Hatchery  
  100  7:26  Mutalisk x6  
  100  7:29  Zerg Missile Weapons Level 1  
  112  7:30  Drone  
  112  7:33  Mutalisk  
  112  7:35  Drone x3  
  118  7:41  Overlord x2  
  118  7:42  Drone x2  
  120  7:44  Drone  
  120  7:46  Drone, Baneling Nest  
  120  7:50  Overlord  
  121  7:54  Overlord  
  121  8:00  Overlord x2  
  121  8:03  Roach x5  
  121  8:05  Roach  
  133  8:06  Ravager  
  133  8:08  Drone  
  133  8:09  Infestation Pit  
  133  8:10  Drone x2  
  136  8:14  Drone x2  
  142  8:20  Roach x2  
  142  8:21  Queen  
  142  8:24  Drone x4  
  142  8:26  Drone  
  145  8:42  Drone x10  
  145  8:46  Drone x2  
  157  8:49  Pathogen Glands  
  157  8:51  Extractor  
  157  8:53  Drone x4, Extractor  
  161  9:03  Roach x4  
  167  9:10  Hatchery  
  167  9:12  Evolution Chamber  
  167  9:15  Spore Crawler  
  164  9:17  Overlord x2  
  164  9:18  Overlord, Ravager x2  
  164  9:19  Overlord  
  166  9:27  Overlord  
  166  9:28  Overlord  
  166  9:30  Overlord  
  166  9:35  Queen  
  166  9:47  Corruptor x10  
  182  9:54  Corruptor x3  
  182  9:58  Corruptor  
  179  10:04  Corruptor x2  
  178  10:14  Ravager x4  
  172  10:31  Drone x4  
  172  10:32  Drone x7  
  172  10:33  Extractor x2  
  172  10:39  Hatchery  
  172  10:41  Drone x6  
  177  10:45  Spore Crawler  
  177  10:46  Ravager x3  
  179  10:55  Zerg Flyer Weapons Level 1  
  179  10:56  Zerg Missile Weapons Level 2, Zerg Ground Armor Level 1  
  179  10:58  Drone x2  
  179  11:00  Drone  
  182  11:04  Drone  
  182  11:10  Roach x2  
  189  11:14  Overlord  
  189  11:17  Spine Crawler  
  188  11:18  Spine Crawler  
  188  11:20  Overlord  
  188  11:22  Ravager x2  
  188  11:23  Roach x3  
  188  11:26  Roach x6  
  188  11:29  Roach  
  188  11:31  Roach x2  
  191  11:34  Ravager  
  191  11:35  Roach x2  
  191  11:38  Roach  
  194  11:43  Roach  
  194  11:46  Roach  
  194  11:47  Roach  
  197  11:51  Roach x4  
  197  11:54  Ravager x2  
  197  11:58  Ravager x4  
  197  12:01  Roach  
  199  12:07  Roach x6  
  196  12:13  Roach x6  
  189  12:18  Roach x3  
  189  12:20  Roach  
  185  12:25  Roach x3  
  191  12:35  Roach x3  
  169  12:38  Roach x4  
  169  12:42  Drone x3  
  169  12:43  Ravager  
  169  12:44  Ravager x2  
  173  12:47  Roach  
  173  12:51  Overlord, Ravager x3  
  175  12:55  Roach x2  
  175  12:57  Roach  
  153  13:01  Roach x2  
  153  13:05  Ravager  
  154  13:06  Ravager  
  154  13:08  Roach x3  
  154  13:12  Roach x2  
  165  13:15  Infestor  
  167  13:21  Infestor x3  
  173  13:27  Hive  
  173  13:33  Hatchery  
  172  13:40  Corruptor x2  
  168  13:42  Corruptor  
  168  13:44  Corruptor  
  170  13:52  Drone x8  
  178  14:00  Corruptor  
  178  14:02  Corruptor  
  186  14:10  Corruptor  
  190  14:23  Infestor x3, Ravager x2  
  188  14:28  Roach x3  
  194  14:34  Roach x3  
  194  14:37  Zergling x12  
  200  14:49  Roach  
  200  14:51  Roach  
  198  14:53  Overlord  
  198  14:54  Overlord  
  198  14:56  Overlord  
  195  15:00  Roach x5  
  195  15:06  Roach x3  
  190  15:07  Roach x5  
  190  15:11  Roach x5  
  188  15:15  Roach x6  
  187  15:22  Ravager x6  
  187  15:23  Ravager  
  187  15:24  Zergling x10, Ravager  
  198  15:28  Zergling x2  
  198  15:32  Neural Parasite  
  198  15:33  Zergling x6  
  200  15:40  Roach  
  175  15:43  Roach  
  175  15:44  Roach  
  175  15:45  Roach x3  
  175  15:48  Roach  
  177  15:56  Infestor x2  
  150  16:08  Hatchery  
  149  16:14  Zergling x10  
  149  16:15  Ravager  
  149  16:16  Ravager  
  154  16:19  Ravager  
  154  16:23  Extractor  
  154  16:28  Drone  
  154  16:29  Drone x2  
  154  16:30  Drone x3  
  154  16:31  Roach  
  154  16:32  Roach x2  
  166  16:36  Ravager x2  
  171  16:40  Roach x2  
  171  16:43  Roach x3  
  168  16:48  Roach x3  
  168  16:53  Baneling x3  
Tags
 
Add a new tag
Caveats
  • Supply blocks, unpowered buildings, or Contaminate may cause inaccurate times.
  • Supply counts are checked every 10 seconds.